AoeStats
← Quase Nada

Enclosed

503864683Analyzed
2v2 RM · 29d ago on Sep 2, 2026· 29m 49s· 4 players
Game mode
Random Map
Map size
Medium (4 player)
Population
200
Speed
Normal
Resources
Standard
Victory
Conquest
Starting age
Dark Age
Ending age
Imperial Age
RankedLock teamsTeams togetherTeam positionsShared explorationLock speedFull tech treeHidden civsTurbo modeCheats
Victory
Defeat
🇧🇷 Cumans · Brazil
977
+14
🇧🇷 Ethiopians · Brazil
971
+14
🇩🇪 Tatars · Germany
934
-14
🇩🇪 Magyars · Germany
934
-14
Slipknoter78
6:32 Loom
10:09 Feudal Age
12:27 Double-Bit Axe
16:04 Bloodlines
17:15 Bloodlines
22:17 Castle Age
21:33 Wheelbarrow
21:37 Scale Barding Armor
22:10 Gold Mining
23:02 Husbandry
henrypetzel
0:39 Loom
11:51 Feudal Age
12:35 Double-Bit Axe
12:43 Man-at-Arms
17:07 Horse Collar
22:11 Castle Age
24:10 Gold Mining
24:12 Stone Mining
25:11 Heavy Plow
29:08 Fletching
O Cobra
11:15 Feudal Age
9:31 Loom
11:47 Double-Bit Axe
18:07 Fletching
27:16 Castle Age
26:18 Gold Mining
27:52 Wheelbarrow
27:06 Horse Collar
28:07 Crossbowman
Quase Nada
11:39 Feudal Age
12:28 Double-Bit Axe
12:38 Gold Mining
18:55 Castle Age
20:01 Thumb Ring
20:23 Crossbowman
21:18 Padded Archer Armor
21:09 Fletching
23:16 Stone Mining
Connection lost

Rejoining the realm…

Still unreachable

The connection could not be restored.

Session expired

The server has moved on; the page needs a fresh start.